 Dungeon Crawl Stone Soup version 0.18-a0-1805-g8ab820f (webtiles) character file.

308 MovingMist the Shield-Bearer (level 6, 0/38 HPs)
             Began as a Tengu Fighter on Apr 27, 2016.
             Was a Follower of Trog.
             Slain by a mummy (7 damage)
             ... in an ossuary.
             The game lasted 00:10:48 (3474 turns).

MovingMist the Shield-Bearer (Tengu Fighter)        Turns: 3474, Time: 00:10:48

Health: 0/38       AC:  8    Str: 18    XL:     6   Next: 40%
Magic:  7/7        EV:  8    Int:  8    God:    Trog [*.....]
Gold:   198        SH: 11    Dex: 14    Spells: 0 memorised, 5 levels left

rFire  . . .     SeeInvis .     a - +0 long sword
rCold  . . .     Gourm    .     b - +0 scale mail
rNeg   . . .     Faith    .     c - +1 shield
rPois  .         Spirit   .     e - +2 hat
rElec  .         Dismiss  .     (no cloak)
rCorr  .         Reflect  .     (no gloves)
SustAt .         Harm     .     (boots unavailable)
MR     .....                    (no amulet)
Stlth  ..........               (no ring)
                                (no ring)

@: not resistant to hostile enchantments, extremely unstealthy
A: beak, talons 3, able to fly 1
a: Fly, Berserk, Burn Spellbooks, Renounce Religion


You were in an ossuary.
You worshipped Trog.
Trog was aware of your devotion.
You were hungry.

You visited 2 branches of the dungeon, and saw 5 of its levels.
You also visited: Ossuary.

You collected 198 gold pieces.

Inventory:

Hand Weapons
 a - a +0 long sword (weapon)
Armour
 b - a +0 scale mail (worn)
 c - a +1 shield (worn)
 e - a +2 hat (worn)
Scrolls
 l - 2 scrolls of amnesia
 o - a scroll of identify
 s - a scroll of enchant armour
 u - a scroll of magic mapping {unknown}
Potions
 d - 3 potions of might
 g - a potion of degeneration {unknown}
 h - a potion of haste {unknown}
 i - 2 potions of resistance {unknown}
 j - 3 potions of lignification
 k - 2 potions of mutation {unknown}
 p - a potion of curing
 q - 2 potions of magic {unknown}
 r - a potion of cure mutation {unknown}
 t - 2 potions of heal wounds {unknown}
Comestibles
 f - 2 bread rations
 m - 4 fruits
 n - 3 meat rations


   Skills:
 + Level 4.2 Fighting
 + Level 4.0 Long Blades
 - Level 3.2 Armour
 + Level 2.6 Dodging
 + Level 4.6 Shields


You had 5 spell levels left.
You didn't know any spells.

Dungeon Overview and Level Annotations

Branches:
Dungeon (4/15)             Temple (1/1) D:4

Altars:
Ashenzari
Dithmenos
Fedhas
Kikubaaqudgha
Makhleb
Nemelex Xobeh
Pakellas
Ru
Trog
Yredelemnul
Zin
The Shining One


Innate Abilities, Weirdness & Mutations

You have a beak for a mouth.
You have claws for feet.
You can fly.


Message History

You hit the mummy.
The mummy is heavily damaged.
You hit the mummy. You peck the mummy, but do no damage.
The mummy is severely damaged.
The mummy hits you!
* * * LOW HITPOINT WARNING * * *
You hit the mummy. You claw the mummy, but do no damage.
The mummy is severely damaged.
The mummy barely misses you.
You closely miss the mummy. You claw the mummy, but do no damage.
The mummy is severely damaged.
The mummy hits you.
* * * LOW HITPOINT WARNING * * *
You hit the mummy but do no damage. You claw the mummy.
The mummy is almost destroyed.
You are feeling hungry.
You barely miss the mummy.
The mummy is almost destroyed.
The mummy hits you!
You die...

##+##
##...####
+.....'.##
##...##..##
##'####..#
##..# ##.#
##..## #.#
#+..##
##'## ###
#.^@#
##...###∩#
#+##M#
#'....'..#
##
##.^.###∩#
##'## ###
##..#
###..##
#...##
+..^^###
##!###


You could see a mummy.

Vanquished Creatures
  3 hounds
  3 mummies
  Robin (D:3)
  9 adders
  3 worms (D:2)
  4 dart slugs
  3 giant geckos
  2 orcs (D:3)
  5 bats
  5 giant cockroaches
  14 goblins
  9 hobgoblins
  A quokka (D:2)
  4 giant newts
  2 gnoll skeletons (Ossuary)
  A jackal skeleton (D:4)
  2 kobolds
  2 kobold zombies (D:4)
  2 orc skeletons (Ossuary)
  4 rats
79 creatures vanquished.

Vanquished Creatures (others)
  4 toadstools (D:1)
4 creatures vanquished.

Grand Total: 83 creatures vanquished

Notes
Turn   | Place    | Note
--------------------------------------------------------------
     0 | D:1      | MovingMist the Tengu Fighter began the quest for the Orb.
     0 | D:1      | Reached XP level 1. HP: 14/14 MP: 2/2
   148 | D:1      | Reached XP level 2. HP: 17/19 MP: 3/3
   695 | D:2      | Reached skill level 1 in Dodging
   695 | D:2      | Reached XP level 3. HP: 14/23 MP: 4/4
  1013 | D:2      | Reached XP level 4. HP: 21/28 MP: 5/5
  1718 | D:3      | Gained mutation: You can fly. [Tengu growth]
  1718 | D:3      | Reached XP level 5. HP: 33/33 MP: 6/6
  1745 | D:3      | Noticed Robin
  1755 | D:3      | Killed Robin
  1776 | D:3      | HP: 1/33 [goblin[Robin] (2)]
  2820 | D:4      | Found a staircase to the Ecumenical Temple.
  2826 | Temple   | Entered the Ecumenical Temple
  2884 | Temple   | Became a worshipper of Trog the Wrathful
  2884 | Temple   | Reached * piety under Trog
  2936 | D:4      | Reached XP level 6. HP: 36/38 MP: 7/7
  2964 | D:4      | Found a shattered altar of Ashenzari.
  3170 | D:4      | Found a sand-covered staircase.
  3183 | Ossuary  | Entered an ossuary
  3474 | Ossuary  | Slain by a mummy

Vault maps used:
D:1:      ldierk_walled_garden_2
D:2:      first_bread, minivault_24
D:3:      wad_river_or_something, uniq_robin
D:4:      evilmike_ruin_ashenzari, grunt_gozag_statues,
          minmay_temple_entry_hall, nicolae_ossuary_entry_giza
Temple:   chequers_temple_sunken_temple
Ossuary:  ossuary_due_small_catacomb

Skill      XL: |  1  2  3  4  5  6 |
---------------+-------------------+-----
Dodging        | 1 2 |  2.6
Long Blades    | 3 4 |  4.0
Shields        | 4 |  4.6
Fighting       | 4 |  4.2
Armour         | |  3.2

Action                   |  1- 3 |  4- 6 || total
-------------------------+-------+-------++-------
Melee: Long sword        |    71 |   165 ||   236
       Kick              |    18 |    39 ||    57
       Peck              |    12 |    28 ||    40
  Use: Scroll            |     3 |     6 ||     9
       Potion            |       |     1 ||     1
  Eat: Chunk             |       |     8 ||     8
Armor: Scale mail        |    28 |    59 ||    87
Dodge: Dodged            |    16 |    51 ||    67
Block: Shield            |    32 |    94 ||   126
